Wolfpack vs Eagles
(R1)
Created - January 3, 2022 at 19:17
Goals
|
| Wolfpack |
0 |
2 |
3 |
5 |
| Eagles |
3 |
2 |
1 |
6 |
|
Shots
|
| Wolfpack |
12 |
12 |
17 |
41 |
| Eagles |
11 |
14 |
12 |
37 |
|
1st period
1. Eagles , Dmitrij Jaskin 8 (Daniel Carr 11, Jonathan Marchessault 8) at 8:12
2. Eagles , Zach Aston-Reese 1 (Joseph Blandisi 2, Jared McCann 3) at 17:18
3. Eagles , Joseph Blandisi 3 (Zach Aston-Reese 2) at 18:07
Penalties :
Jonathan Marchessault (Col) for High sticking (Minor) at 5:37, Daniel Carr (Col) for Unsportsmanlike conduct (Minor) at 8:25, Samuel Blais (Har) for Interference (Minor) at 14:50
2nd period
4. Wolfpack , Stefan Noesen 8 (Dave Dziurzynski 5, Maxime Sauvé 11) at 5:22
5. Wolfpack , Henrik Samuelsson 3 (Samuel Blais 3, Steven Santini 8) at 5:38
6. Eagles , Jared McCann 1 (Joseph Blandisi 3, Stefan Elliott 8) at 10:29
7. Eagles , Tomas Tatar 6 (Drake Caggiula 5) at 16:33
Penalties :
Samuel Blais (Har) for Hooking (Minor) at 12:31
3rd period
8. Wolfpack , Dave Dziurzynski 5 (Maxime Sauvé 12, Stefan Noesen 14) at 0:16
9. Wolfpack , Dave Dziurzynski 6 (Derrick Pouliot 4, Maxime Sauvé 13) at 0:38 (PP)
10. Wolfpack , Derrick Pouliot 1 (Sebastian Collberg 3, Ryan Dzingel 6) at 8:41
11. Eagles , Joseph Blandisi 4 (Stefan Elliott 9, Joel Edmundson 6) at 9:32
Penalties :
Dmitrij Jaskin (Col) for Tripping (Minor) at 0:24, Dave Dziurzynski (Har) for Roughing (Minor) at 6:07, Daniel Carr (Col) for Tripping (Minor) at 9:54, Jonathan Racine (Col) for Holding (Minor) at 18:13
Goalie Stats
Mike Condon (Har), 17 saves from 19 shots - (0.895), L, 1-2-0, 28:47 minutes
Samuel Montembeault (Har), 14 saves from 18 shots - (0.778), 30:29 minutes
Marek Mazanek (Col), 36 saves from 41 shots - (0.878), W, 7-2-1, 60:00 minutes
Players Stats for Wolfpack
Player Name G A P +/- PIM S H SB GA TA FO MP PP MP PK MP
------------------------------------------------------------------------------------
Alex Barre-Boulet 0 0 0 1 0 0 0 0 0 0 0/2 11:50 0:00 0:00
Colton White 0 0 0 -3 0 0 0 0 0 0 0/0 10:57 0:04 0:28
Connor Chatam 0 0 0 0 0 1 1 0 0 0 0/0 8:22 0:04 0:00
Dave Dziurzynski 2 1 3 2 2 8 3 0 0 0 3/3 22:09 4:41 2:09
David Pope 0 0 0 0 0 4 1 0 0 1 0/1 10:24 0:04 2:02
Derrick Pouliot 1 1 2 4 0 2 2 1 1 2 0/0 28:59 4:52 2:51
Henrik Samuelsson 1 0 1 1 0 3 1 0 0 0 9/15 17:52 3:12 2:10
Kevin Roy 0 0 0 0 0 3 0 0 0 0 3/5 7:54 0:00 0:00
Maxime Sauvé 0 3 3 2 0 2 2 1 0 0 21/37 22:43 4:41 3:22
Mikhail Sergachev 0 0 0 -3 0 2 1 0 0 0 0/0 20:32 3:05 2:38
Ryan Culkin 0 0 0 -3 0 0 0 1 0 0 0/0 10:29 0:00 0:28
Ryan Dzingel 0 1 1 -5 0 1 6 0 0 1 0/0 15:47 3:12 1:57
Samuel Blais 0 1 1 1 4 2 0 0 0 0 1/1 16:12 3:12 0:14
Sebastian Collberg 0 1 1 -5 0 1 1 2 0 0 0/0 10:38 0:00 0:00
Seth Griffith 0 0 0 -5 0 1 1 0 0 0 2/6 10:38 0:00 0:00
Stefan Noesen 1 1 2 2 0 8 3 0 1 0 0/1 19:03 4:41 0:00
Steven Santini 0 1 1 4 0 1 1 1 0 2 0/0 28:59 4:52 2:51
Vince Dunn 0 0 0 -3 0 2 0 0 0 0 0/0 20:32 3:05 2:38
Players Stats for Eagles
Player Name G A P +/- PIM S H SB GA TA FO MP PP MP PK MP
------------------------------------------------------------------------------------
Connor Carrick 0 0 0 -1 0 0 2 3 0 0 0/0 9:38 0:12 0:00
Daniel Carr 0 1 1 -2 4 4 1 0 0 0 5/7 25:01 3:14 2:12
Dmitrij Jaskin 1 0 1 0 2 6 5 0 1 0 0/0 21:49 3:14 1:36
Drake Caggiula 0 1 1 0 0 3 3 0 0 0 10/19 18:08 2:31 1:56
Jared McCann 1 1 2 2 0 2 1 0 0 1 3/3 14:54 0:00 0:02
Joel Edmundson 0 1 1 2 0 0 0 2 2 0 0/0 27:32 3:23 5:31
John Ramage 0 0 0 0 0 0 2 1 0 0 0/0 19:25 2:34 2:26
Jonathan Marchessault 0 1 1 0 2 2 0 1 0 0 9/31 21:09 3:14 0:54
Jonathan Racine 0 0 0 1 2 0 0 0 0 0 0/0 3:45 0:00 0:00
Joseph Blandisi 2 2 4 4 0 6 2 0 0 0 0/0 14:09 0:00 1:34
Matteson Iacopelli 0 0 0 0 0 2 0 0 0 0 1/1 16:02 2:31 0:00
Michael Dal Colle 0 0 0 -2 0 0 0 0 0 0 0/0 2:39 0:00 0:00
Pius Suter 0 0 0 0 0 0 0 0 0 0 0/0 0:31 0:12 0:00
Ryan Murphy 0 0 0 0 0 2 1 2 1 0 0/0 19:25 2:34 2:26
Sam Steel 0 0 0 0 0 0 0 0 0 0 2/5 2:53 0:00 2:53
Stefan Elliott 0 2 2 2 0 2 3 4 1 0 0/0 27:32 3:23 5:31
Thomas Chabot 0 0 0 -1 0 1 0 0 1 1 0/0 9:17 0:00 0:00
Tomas Tatar 1 0 1 0 0 2 1 0 0 0 0/0 20:47 2:31 4:47
Tyler Motte 0 0 0 0 0 0 1 0 0 0 0/0 1:16 0:12 0:00
Xavier Ouellet 0 0 0 1 0 0 0 0 0 0 0/0 3:46 0:00 0:00
Zach Aston-Reese 1 1 2 4 0 5 1 0 0 0 2/5 12:20 0:00 0:00
3 Stars
1 - Joseph Blandisi (Col)
2 - Dave Dziurzynski (Har)
3 - Zach Aston-Reese (Col)
Power Play
Wolfpack - 1 on 5 Attempt(s) - 20.00%
Eagles - 0 on 3 Attempt(s) - 0.00%
Penalty Kill
Wolfpack - 3 on 3 Attempt(s) - 100.00%
- Score 0 goal in Penalty Kill
Eagles - 4 on 5 Attempt(s) - 80.00%
- Score 0 goal in Penalty Kill
Team Stat
Wolfpack - Hits : 23 - Faceoff Wins : 39 - Blocked Shots : 6 - Penalty Minutes : 6
Eagles - Hits : 23 - Faceoff Wins : 32 - Blocked Shots : 13 - Penalty Minutes : 10
Official
Referees : Beaudry Halkidis and Marc Joannette
Linesman : Steve Barton and Scott Cherrey
Game Notes
Mike Condon enters game at 10:29 of 2nd period
Finance
Level 1 -- Attendance: 2000 (100.00%) -- Ticket Income $70,000
Level 2 -- Attendance: 856 (85.60%) -- Ticket Income $12,840
Total Attendance: 2856 (95.20%)
Total Ticket Income: $82,840
Other Income: $4,142
Total Income: $86,982
Wolfpack
5 vs 5 Forward
Center Left Wing Right Wing Time % Phy DF OF
1 Maxime Sauvé Dave Dziurzynski Stefan Noesen 40 1 2 2
2 Henrik Samuelsson Samuel Blais Alex Barre-Boulet 30 1 2 2
3 Seth Griffith Ryan Dzingel Sebastian Collberg 20 1 2 2
4 Kevin Roy David Pope Connor Chatam 10 1 2 2
5 vs 5 Defense
Defense Defense Time % Phy DF OF
1 Derrick Pouliot Steven Santini 40 1 2 2
2 Vince Dunn Mikhail Sergachev 30 1 2 2
3 Ryan Culkin Colton White 20 1 2 2
4 Derrick Pouliot Steven Santini 10 1 2 2
PowerPlay Forward
Center Left Wing Right Wing Time % Phy DF OF
1 Maxime Sauvé Dave Dziurzynski Stefan Noesen 60 1 2 2
2 Henrik Samuelsson Ryan Dzingel Samuel Blais 40 1 2 2
PowerPlay Defense
Defense Defense Time % Phy DF OF
1 Derrick Pouliot Steven Santini 60 1 2 2
2 Vince Dunn Mikhail Sergachev 40 1 2 2
Penalty Kill 4 Players Forward
Center Wing Time % Phy DF OF
1 Maxime Sauvé Dave Dziurzynski 60 1 2 2
2 Henrik Samuelsson Ryan Dzingel 40 1 2 2
Penalty Kill 4 Players Defense
Defense Defense Time % Phy DF OF
1 Derrick Pouliot Steven Santini 60 1 2 2
2 Vince Dunn Mikhail Sergachev 40 1 2 2
Penalty Kill - 3 Players Forward
Forward Time % Phy DF OF
1 Maxime Sauvé 60 1 2 2
2 Henrik Samuelsson 40 1 2 2
Penalty Kill - 3 Players Defense
Defense Defense Time % Phy DF OF
1 Derrick Pouliot Steven Santini 60 1 2 2
2 Vince Dunn Mikhail Sergachev 40 1 2 2
4 vs 4 Forward
Center Wing Time % Phy DF OF
1 Maxime Sauvé Dave Dziurzynski 60 1 2 2
2 Henrik Samuelsson Ryan Dzingel 40 1 2 2
4 vs 4 Defense
Defense Defense Time % Phy DF OF
1 Derrick Pouliot Steven Santini 60 1 2 2
2 Vince Dunn Mikhail Sergachev 40 1 2 2
Last Minutes Offensive
Center Left Wing Right Wing Defense Defense
Maxime Sauvé Dave Dziurzynski Stefan Noesen Derrick Pouliot Steven Santini
Last Minutes Defensive
Center Left Wing Right Wing Defense Defense
Maxime Sauvé Dave Dziurzynski Stefan Noesen Derrick Pouliot Steven Santini
Goaltenders
Starting : Samuel Montembeault
Backup : Mike Condon
Extra Forwards
Normal : Ryan Dzingel, David Pope, Seth Griffith - PP : Ryan Dzingel, David Pope - PK : Ryan Dzingel
Extra Defensemen
Normal : Mikhail Sergachev, Ryan Culkin, Colton White - PP : Mikhail Sergachev - PK : Mikhail Sergachev, Ryan Culkin
Penalty Shots
Maxime Sauvé, Stefan Noesen, Dave Dziurzynski, Henrik Samuelsson, Ryan Dzingel
Scratches
Adam Lowry (Healthy), Dryden Hunt (Healthy), Jacob Middleton (Healthy), Jake Marchment (Healthy), Joel Kiviranta (Healthy)
Joshua Jacobs (Healthy), Keegan Kolesar (Healthy), Mikhail Vorobyev (Healthy), Will Borgen (Healthy), Alexander Barabanov (Healthy)
Andrew Peeke (Healthy), Dante Fabbro (Healthy), Jeffrey Viel (Healthy), Yegor Korshkov (Healthy), Jake Paterson (Healthy)
Eagles
5 vs 5 Forward
Center Left Wing Right Wing Time % Phy DF OF
1 Jonathan Marchessault Daniel Carr Dmitrij Jaskin 40 1 2 2
2 Drake Caggiula Tomas Tatar Matteson Iacopelli 30 1 2 2
3 Zach Aston-Reese Joseph Blandisi Jared McCann 20 1 2 2
4 Jared McCann Michael Dal Colle Daniel Carr 10 1 2 2
5 vs 5 Defense
Defense Defense Time % Phy DF OF
1 Joel Edmundson Stefan Elliott 40 1 2 2
2 Ryan Murphy John Ramage 30 1 2 2
3 Connor Carrick Thomas Chabot 20 1 2 2
4 Jonathan Racine Xavier Ouellet 10 1 2 2
PowerPlay Forward
Center Left Wing Right Wing Time % Phy DF OF
1 Jonathan Marchessault Daniel Carr Dmitrij Jaskin 60 1 2 2
2 Drake Caggiula Tomas Tatar Matteson Iacopelli 40 1 2 2
PowerPlay Defense
Defense Defense Time % Phy DF OF
1 Joel Edmundson Stefan Elliott 60 1 2 2
2 Ryan Murphy John Ramage 40 1 2 2
Penalty Kill 4 Players Forward
Center Wing Time % Phy DF OF
1 Daniel Carr Tomas Tatar 60 1 2 2
2 Jonathan Marchessault Dmitrij Jaskin 40 1 2 2
Penalty Kill 4 Players Defense
Defense Defense Time % Phy DF OF
1 Joel Edmundson Stefan Elliott 60 1 2 2
2 Ryan Murphy John Ramage 40 1 2 2
Penalty Kill - 3 Players Forward
Forward Time % Phy DF OF
1 Daniel Carr 60 1 2 2
2 Tomas Tatar 40 1 2 2
Penalty Kill - 3 Players Defense
Defense Defense Time % Phy DF OF
1 Joel Edmundson Stefan Elliott 60 1 2 2
2 Ryan Murphy John Ramage 40 1 2 2
4 vs 4 Forward
Center Wing Time % Phy DF OF
1 Daniel Carr Tomas Tatar 60 1 2 2
2 Jonathan Marchessault Dmitrij Jaskin 40 1 2 2
4 vs 4 Defense
Defense Defense Time % Phy DF OF
1 Joel Edmundson Stefan Elliott 60 1 2 2
2 Ryan Murphy John Ramage 40 1 2 2
Last Minutes Offensive
Center Left Wing Right Wing Defense Defense
Jonathan Marchessault Daniel Carr Dmitrij Jaskin Joel Edmundson Stefan Elliott
Last Minutes Defensive
Center Left Wing Right Wing Defense Defense
Jonathan Marchessault Daniel Carr Dmitrij Jaskin Joel Edmundson Stefan Elliott
Goaltenders
Starting : Marek Mazanek
Backup : Antoine Bibeau
Extra Forwards
Normal : Tyler Motte, Pius Suter, Sam Steel - PP : Tyler Motte, Pius Suter - PK : Sam Steel
Extra Defensemen
Normal : Connor Carrick, Thomas Chabot, Jonathan Racine - PP : Connor Carrick - PK : Thomas Chabot, Jonathan Racine
Penalty Shots
Daniel Carr, Tomas Tatar, Jonathan Marchessault, Dmitrij Jaskin, Joseph Blandisi
Scratches
Anthony Duclair (Strained Right Elbow Injury), Chris Calhan (Healthy), Dominik Kubalik (Healthy), Mark Friedman (Healthy), Keaton Middleton (Healthy)
Max Lajoie (Healthy), Pascal Laberge (Healthy), Adin Hill (Healthy)
% Time on Ice - Wolfpack
Lines # - Real PCT - Wanted PCT - Time Play
Normal Forward
1 - 34% - 40% - 15:44
2 - 26% - 30% - 11:50
3 - 23% - 20% - 10:38
4 - 17% - 10% - 7:54
Normal Defense
1 - 42% - 40% - 19:10
2 - 32% - 30% - 14:49
3 - 22% - 20% - 10:01
4 - 5% - 10% - 2:06
PP Forward
1 - 60% - 60% - 4:45
2 - 40% - 40% - 3:12
PP Defense
1 - 61% - 60% - 4:52
2 - 39% - 40% - 3:05
PK Forward
1 - 91% - 60% - 5:25
2 - 9% - 40% - 0:32
PK Defense
1 - 56% - 60% - 3:19
2 - 44% - 40% - 2:38
PK3 Forward
1 - 0% - 60%
2 - 0% - 40%
PK3 Defense
1 - 0% - 60%
2 - 0% - 40%
44 Forward
1 - 0% - 60%
2 - 0% - 40%
44 Defense
1 - 0% - 60%
2 - 0% - 40%
Last Minute Offensive - 0:00
Last Minute Defensive - 0:00
Total
Forward - 60:00
Defense - 60:00
|
% Time on Ice - Eagles
Lines # - Real PCT - Wanted PCT - Time Play
Normal Forward
1 - 38% - 40% - 17:26
2 - 30% - 30% - 13:41
3 - 27% - 20% - 12:20
4 - 6% - 10% - 2:39
Normal Defense
1 - 40% - 40% - 18:38
2 - 31% - 30% - 14:25
3 - 20% - 20% - 9:17
4 - 8% - 10% - 3:46
PP Forward
1 - 58% - 60% - 3:26
2 - 42% - 40% - 2:31
PP Defense
1 - 57% - 60% - 3:23
2 - 43% - 40% - 2:34
PK Forward
1 - 80% - 60% - 6:21
2 - 20% - 40% - 1:36
PK Defense
1 - 69% - 60% - 5:31
2 - 31% - 40% - 2:26
PK3 Forward
1 - 0% - 60%
2 - 0% - 40%
PK3 Defense
1 - 0% - 60%
2 - 0% - 40%
44 Forward
1 - 0% - 60%
2 - 0% - 40%
44 Defense
1 - 0% - 60%
2 - 0% - 40%
Last Minute Offensive - 0:00
Last Minute Defensive - 0:00
Total
Forward - 60:00
Defense - 60:00
|
Play-by-Play
1st period
0:01 of 1st period - Maxime Sauvé wins face-off versus Jonathan Marchessault in neutral zone.
0:26 of 1st period - Joel Edmundson is hit by Derrick Pouliot and loses puck.
0:55 of 1st period - Snap shot by Joseph Blandisi.
0:55 of 1st period - Stopped by Samuel Montembeault with a rebound.
1:14 of 1st period - Derrick Pouliot is hit by Joseph Blandisi and loses puck.
1:41 of 1st period - Connor Carrick is hit by Sebastian Collberg and loses puck.
1:58 of 1st period - Slapshot by Joseph Blandisi.
1:58 of 1st period - Stopped by Samuel Montembeault with a rebound.
2:34 of 1st period - Wrist shot by Zach Aston-Reese.
2:34 of 1st period - Deflect By Joseph Blandisi.
2:34 of 1st period - Stopped by Samuel Montembeault without a rebound.
2:35 of 1st period - Jonathan Marchessault wins face-off versus Maxime Sauvé in Wolfpack zone.
3:35 of 1st period - Joel Edmundson is hit by Connor Chatam and loses puck.
3:49 of 1st period - Off-side.
3:50 of 1st period - Drake Caggiula wins face-off versus Maxime Sauvé in neutral zone.
4:03 of 1st period - Slapshot by Stefan Noesen.
4:03 of 1st period - Deflect By Maxime Sauvé.
4:03 of 1st period - Shot Misses the Net.
4:03 of 1st period - Puck is out of play.
4:04 of 1st period - Maxime Sauvé wins face-off versus Jonathan Marchessault in Eagles zone.
4:15 of 1st period - Slapshot by Stefan Noesen.
4:15 of 1st period - Shot Misses the Net.
4:36 of 1st period - Ryan Murphy is hit by Henrik Samuelsson and loses puck.
4:56 of 1st period - Snap shot by David Pope.
4:56 of 1st period - Shot Misses the Net.
4:58 of 1st period - Slapshot by Mikhail Sergachev.
4:58 of 1st period - Stopped by Marek Mazanek without a rebound.
4:59 of 1st period - Maxime Sauvé wins face-off versus Daniel Carr in Eagles zone.
5:26 of 1st period - Samuel Blais is hit by Drake Caggiula and loses puck.
5:37 of 1st period - Minor Penalty to Jonathan Marchessault for High sticking.
5:38 of 1st period - Daniel Carr wins face-off versus Maxime Sauvé in Eagles zone.
5:56 of 1st period - Dave Dziurzynski is hit by Stefan Elliott and loses puck.
6:36 of 1st period - Joel Edmundson is hit by Stefan Noesen and loses puck.
7:37 of 1st period - Penalty to Jonathan Marchessault is over, Jonathan Marchessault is back on ice.
7:38 of 1st period - Off-side.
7:39 of 1st period - Zach Aston-Reese wins face-off versus David Pope in neutral zone.
7:52 of 1st period - Wrist shot by David Pope.
7:52 of 1st period - Stopped by Marek Mazanek with a rebound.
8:12 of 1st period - Snap shot by Dmitrij Jaskin.
8:12 of 1st period - Goal by Dmitrij Jaskin - Wolfpack : 0 - Eagles : 1.
8:13 of 1st period - Maxime Sauvé wins face-off versus Jonathan Marchessault in neutral zone.
8:25 of 1st period - Minor Penalty to Daniel Carr for Unsportsmanlike conduct.
8:26 of 1st period - Sam Steel wins face-off versus Maxime Sauvé in Eagles zone.
8:34 of 1st period - Slapshot by Stefan Elliott.
8:34 of 1st period - Stopped by Samuel Montembeault without a rebound.
8:35 of 1st period - Dave Dziurzynski wins face-off versus Sam Steel in Wolfpack zone.
8:42 of 1st period - Snap shot by Stefan Noesen.
8:42 of 1st period - Stopped by Marek Mazanek without a rebound.
8:43 of 1st period - Sam Steel wins face-off versus Maxime Sauvé in Eagles zone.
8:56 of 1st period - Snap shot by Maxime Sauvé.
8:56 of 1st period - Shot Misses the Net.
8:58 of 1st period - Slapshot by Maxime Sauvé.
8:58 of 1st period - Stopped by Marek Mazanek with a rebound.
9:13 of 1st period - Slapshot by Vince Dunn.
9:13 of 1st period - Shot Blocked by Joel Edmundson.
10:12 of 1st period - Drake Caggiula is hit by Ryan Dzingel and loses puck.
10:25 of 1st period - Penalty to Daniel Carr is over, Daniel Carr is back on ice.
10:27 of 1st period - John Ramage is hit by Stefan Noesen and loses puck.
11:35 of 1st period - Icing by Colton White.
11:36 of 1st period - Maxime Sauvé wins face-off versus Drake Caggiula in Wolfpack zone.
11:45 of 1st period - Slapshot by David Pope.
11:45 of 1st period - Stopped by Marek Mazanek with a rebound.
11:47 of 1st period - Snap shot by David Pope.
11:47 of 1st period - Stopped by Marek Mazanek without a rebound.
11:48 of 1st period - Maxime Sauvé wins face-off versus Jonathan Marchessault in Eagles zone.
11:52 of 1st period - Icing by Jonathan Marchessault.
11:53 of 1st period - Maxime Sauvé wins face-off versus Jonathan Marchessault in Eagles zone.
11:58 of 1st period - Wrist shot by Maxime Sauvé.
11:58 of 1st period - Shot Blocked by Stefan Elliott.
12:04 of 1st period - Maxime Sauvé is hit by Dmitrij Jaskin and loses puck.
12:19 of 1st period - Snap shot by Joseph Blandisi.
12:19 of 1st period - Shot Blocked by Maxime Sauvé.
12:38 of 1st period - Slapshot by Stefan Noesen.
12:38 of 1st period - Shot Misses the Net.
12:42 of 1st period - Wrist shot by Dave Dziurzynski.
12:42 of 1st period - Shot Misses the Net.
12:44 of 1st period - Wrist shot by Dave Dziurzynski.
12:44 of 1st period - Shot Misses the Net.
12:46 of 1st period - Slapshot by Stefan Noesen.
12:46 of 1st period - Stopped by Marek Mazanek without a rebound.
12:47 of 1st period - Henrik Samuelsson wins face-off versus Jonathan Marchessault in Eagles zone.
13:17 of 1st period - Connor Chatam is hit by Drake Caggiula and loses puck.
13:44 of 1st period - Wrist shot by Ryan Dzingel.
13:44 of 1st period - Shot Blocked by Connor Carrick.
13:46 of 1st period - Snap shot by Steven Santini.
13:46 of 1st period - Deflect By Seth Griffith.
13:46 of 1st period - Stopped by Marek Mazanek without a rebound.
13:47 of 1st period - Jonathan Marchessault wins face-off versus Alex Barre-Boulet in Eagles zone.
14:02 of 1st period - Snap shot by Dmitrij Jaskin.
14:02 of 1st period - Shot Blocked by Ryan Culkin.
14:04 of 1st period - Slapshot by Stefan Elliott.
14:04 of 1st period - Stopped by Samuel Montembeault without a rebound.
14:05 of 1st period - Drake Caggiula wins face-off versus Maxime Sauvé in Wolfpack zone.
14:10 of 1st period - Wrist shot by Drake Caggiula.
14:10 of 1st period - Stopped by Samuel Montembeault without a rebound.
14:11 of 1st period - Maxime Sauvé wins face-off versus Drake Caggiula in Wolfpack zone.
14:50 of 1st period - Minor Penalty to Samuel Blais for Interference.
14:51 of 1st period - Jonathan Marchessault wins face-off versus Maxime Sauvé in Wolfpack zone.
16:22 of 1st period - Daniel Carr is hit by Mikhail Sergachev and loses puck.
16:50 of 1st period - Penalty to Samuel Blais is over, Samuel Blais is back on ice.
16:54 of 1st period - Maxime Sauvé is hit by Tyler Motte and loses puck.
17:07 of 1st period - Wrist shot by Dave Dziurzynski.
17:07 of 1st period - Deflect By Maxime Sauvé.
17:07 of 1st period - Stopped by Marek Mazanek without a rebound.
17:08 of 1st period - Jared McCann wins face-off versus Seth Griffith in Eagles zone.
17:08 of 1st period - Jared McCann is hit by Ryan Dzingel.
17:18 of 1st period - Wrist shot by Zach Aston-Reese.
17:18 of 1st period - Goal by Zach Aston-Reese - Wolfpack : 0 - Eagles : 2.
17:19 of 1st period - Jonathan Marchessault wins face-off versus Henrik Samuelsson in neutral zone.
17:36 of 1st period - Snap shot by Dmitrij Jaskin.
17:36 of 1st period - Shot Misses the Net.
18:05 of 1st period - Slapshot by Zach Aston-Reese.
18:05 of 1st period - Stopped by Samuel Montembeault without a rebound.
18:06 of 1st period - Zach Aston-Reese wins face-off versus Seth Griffith in Wolfpack zone.
18:07 of 1st period - Snap shot by Joseph Blandisi.
18:07 of 1st period - Goal by Joseph Blandisi - Wolfpack : 0 - Eagles : 3.
18:08 of 1st period - Maxime Sauvé wins face-off versus Jonathan Marchessault in neutral zone.
18:15 of 1st period - Snap shot by Stefan Noesen.
18:15 of 1st period - Shot Misses the Net.
18:17 of 1st period - Snap shot by Stefan Noesen.
18:17 of 1st period - Stopped by Marek Mazanek without a rebound.
18:18 of 1st period - Maxime Sauvé wins face-off versus Jonathan Marchessault in Eagles zone.
18:31 of 1st period - Wrist shot by Stefan Noesen.
18:31 of 1st period - Shot Blocked by Stefan Elliott.
18:33 of 1st period - Wrist shot by Dave Dziurzynski.
18:33 of 1st period - Shot Blocked by Stefan Elliott.
18:49 of 1st period - Snap shot by Dave Dziurzynski.
18:49 of 1st period - Shot Blocked by Jonathan Marchessault.
18:51 of 1st period - Snap shot by Maxime Sauvé.
18:51 of 1st period - Shot Misses the Net.
18:53 of 1st period - Snap shot by Stefan Noesen.
18:53 of 1st period - Stopped by Marek Mazanek with a rebound.
18:55 of 1st period - Slapshot by Dave Dziurzynski.
18:55 of 1st period - Stopped by Marek Mazanek without a rebound.
18:56 of 1st period - Henrik Samuelsson wins face-off versus Drake Caggiula in Eagles zone.
19:03 of 1st period - Slapshot by Samuel Blais.
19:03 of 1st period - Shot Blocked by Ryan Murphy.
19:21 of 1st period - Sebastian Collberg is hit by John Ramage and loses puck.
19:46 of 1st period - Snap shot by Jonathan Marchessault.
19:46 of 1st period - Deflect By David Pope.
19:46 of 1st period - Shot Misses the Net.
19:46 of 1st period - Puck is out of play.
19:47 of 1st period - Jonathan Marchessault wins face-off versus Kevin Roy in Wolfpack zone.
19:48 of 1st period - Snap shot by Daniel Carr.
19:48 of 1st period - Stopped by Samuel Montembeault without a rebound.
19:49 of 1st period - Kevin Roy wins face-off versus Jonathan Marchessault in Wolfpack zone.
Goals for this period are 0 for Wolfpack vs 3 for Eagles.
Shots for this period are 12 for Wolfpack vs 11 for Eagles.
2nd period
0:01 of 2nd period - Drake Caggiula wins face-off versus Henrik Samuelsson in neutral zone.
0:14 of 2nd period - Snap shot by Henrik Samuelsson.
0:14 of 2nd period - Stopped by Marek Mazanek with a rebound.
0:30 of 2nd period - Snap shot by Daniel Carr.
0:30 of 2nd period - Shot Blocked by Derrick Pouliot.
0:35 of 2nd period - Icing by Derrick Pouliot.
0:36 of 2nd period - Jared McCann wins face-off versus Maxime Sauvé in Wolfpack zone.
0:37 of 2nd period - Slapshot by Stefan Elliott.
0:37 of 2nd period - Shot Misses the Net.
0:43 of 2nd period - Maxime Sauvé is hit by Stefan Elliott and loses puck.
1:24 of 2nd period - Stefan Elliott is hit by Ryan Dzingel and loses puck.
1:31 of 2nd period - Wrist shot by Ryan Dzingel.
1:31 of 2nd period - Shot Blocked by Stefan Elliott.
1:33 of 2nd period - Slapshot by Vince Dunn.
1:33 of 2nd period - Deflect By Ryan Dzingel.
1:33 of 2nd period - Stopped by Marek Mazanek with a rebound.
2:14 of 2nd period - Wrist shot by Dave Dziurzynski.
2:14 of 2nd period - Shot Misses the Net.
2:28 of 2nd period - Henrik Samuelsson is hit by Jared McCann and loses puck.
2:35 of 2nd period - Henrik Samuelsson is hit by Joseph Blandisi and loses puck.
3:26 of 2nd period - Slapshot by Ryan Murphy.
3:26 of 2nd period - Stopped by Samuel Montembeault with a rebound.
3:28 of 2nd period - Snap shot by Matteson Iacopelli.
3:28 of 2nd period - Stopped by Samuel Montembeault with a rebound.
4:18 of 2nd period - Slapshot by Kevin Roy.
4:18 of 2nd period - Stopped by Marek Mazanek with a rebound.
4:24 of 2nd period - Snap shot by Kevin Roy.
4:24 of 2nd period - Stopped by Marek Mazanek with a rebound.
4:54 of 2nd period - Snap shot by Stefan Noesen.
4:54 of 2nd period - Stopped by Marek Mazanek without a rebound.
4:55 of 2nd period - Maxime Sauvé wins face-off versus Drake Caggiula in Eagles zone.
5:22 of 2nd period - Wrist shot by Stefan Noesen.
5:22 of 2nd period - Goal by Stefan Noesen - Wolfpack : 1 - Eagles : 3.
5:23 of 2nd period - Drake Caggiula wins face-off versus Henrik Samuelsson in neutral zone.
5:38 of 2nd period - Snap shot by Henrik Samuelsson.
5:38 of 2nd period - Goal by Henrik Samuelsson - Wolfpack : 2 - Eagles : 3.
5:39 of 2nd period - Dave Dziurzynski wins face-off versus Jonathan Marchessault in neutral zone.
6:18 of 2nd period - Wrist shot by Dmitrij Jaskin.
6:18 of 2nd period - Stopped by Samuel Montembeault with a rebound.
6:20 of 2nd period - Wrist shot by Dmitrij Jaskin.
6:20 of 2nd period - Deflect By Jonathan Marchessault.
6:20 of 2nd period - Shot Misses the Net.
6:20 of 2nd period - Puck is out of play.
6:21 of 2nd period - Henrik Samuelsson wins face-off versus Drake Caggiula in Wolfpack zone.
6:32 of 2nd period - Backhand shot by Tomas Tatar.
6:32 of 2nd period - Shot Misses the Net.
6:34 of 2nd period - Wrist shot by Matteson Iacopelli.
6:34 of 2nd period - Stopped by Samuel Montembeault without a rebound.
6:35 of 2nd period - Drake Caggiula wins face-off versus Maxime Sauvé in Wolfpack zone.
7:24 of 2nd period - Joel Edmundson is hit by Seth Griffith and loses puck.
7:45 of 2nd period - Tomas Tatar is hit by Dave Dziurzynski and loses puck.
8:06 of 2nd period - Snap shot by Jonathan Marchessault.
8:06 of 2nd period - Shot Misses the Net.
8:47 of 2nd period - Off-side.
8:48 of 2nd period - Drake Caggiula wins face-off versus Seth Griffith in neutral zone.
8:50 of 2nd period - Off-side.
8:51 of 2nd period - Seth Griffith wins face-off versus Jonathan Marchessault in neutral zone.
9:40 of 2nd period - Stefan Elliott is hit by Ryan Dzingel and loses puck.
9:59 of 2nd period - Wrist shot by Zach Aston-Reese.
9:59 of 2nd period - Stopped by Samuel Montembeault with a rebound.
10:11 of 2nd period - Snap shot by Joseph Blandisi.
10:11 of 2nd period - Shot Misses the Net.
10:13 of 2nd period - Slapshot by Joel Edmundson.
10:13 of 2nd period - Shot Blocked by Sebastian Collberg.
10:27 of 2nd period - Snap shot by Joseph Blandisi.
10:27 of 2nd period - Stopped by Samuel Montembeault with a rebound.
10:29 of 2nd period - Snap shot by Jared McCann.
10:29 of 2nd period - Goal by Jared McCann - Wolfpack : 2 - Eagles : 4.
10:29 of 2nd period - Mike Condon enters game.
10:30 of 2nd period - Jonathan Marchessault wins face-off versus Maxime Sauvé in neutral zone.
10:33 of 2nd period - Dave Dziurzynski is hit by Dmitrij Jaskin and loses puck.
10:44 of 2nd period - Snap shot by Jonathan Marchessault.
10:44 of 2nd period - Stopped by Mike Condon with a rebound.
10:46 of 2nd period - Slapshot by Thomas Chabot.
10:46 of 2nd period - Stopped by Mike Condon with a rebound.
11:01 of 2nd period - Matteson Iacopelli is hit by Maxime Sauvé and loses puck.
11:06 of 2nd period - Slapshot by Dave Dziurzynski.
11:06 of 2nd period - Stopped by Marek Mazanek without a rebound.
11:07 of 2nd period - Jonathan Marchessault wins face-off versus Alex Barre-Boulet in Eagles zone.
11:14 of 2nd period - Henrik Samuelsson is hit by Dmitrij Jaskin and loses puck.
11:21 of 2nd period - Snap shot by Daniel Carr.
11:21 of 2nd period - Stopped by Mike Condon with a rebound.
11:23 of 2nd period - Slapshot by Ryan Murphy.
11:23 of 2nd period - Stopped by Mike Condon with a rebound.
11:30 of 2nd period - Icing by Vince Dunn.
11:31 of 2nd period - Kevin Roy wins face-off versus Drake Caggiula in Wolfpack zone.
11:31 of 2nd period - Kevin Roy is hit by Drake Caggiula.
11:37 of 2nd period - Slapshot by Mikhail Sergachev.
11:37 of 2nd period - Stopped by Marek Mazanek with a rebound.
12:28 of 2nd period - Wrist shot by Joseph Blandisi.
12:28 of 2nd period - Deflect By Jared McCann.
12:28 of 2nd period - Shot Misses the Net.
12:28 of 2nd period - Puck is out of play.
12:29 of 2nd period - Henrik Samuelsson wins face-off versus Jonathan Marchessault in Wolfpack zone.
12:31 of 2nd period - Minor Penalty to Samuel Blais for Hooking.
12:32 of 2nd period - Maxime Sauvé wins face-off versus Jonathan Marchessault in Wolfpack zone.
12:46 of 2nd period - Wrist shot by Jonathan Marchessault.
12:46 of 2nd period - Stopped by Mike Condon without a rebound.
12:47 of 2nd period - Maxime Sauvé wins face-off versus Jonathan Marchessault in Wolfpack zone.
12:56 of 2nd period - Steven Santini is hit by Daniel Carr.
14:07 of 2nd period - Snap shot by David Pope.
14:07 of 2nd period - Shot Blocked by John Ramage.
14:29 of 2nd period - Tomas Tatar is hit by Dave Dziurzynski and loses puck.
14:31 of 2nd period - Penalty to Samuel Blais is over, Samuel Blais is back on ice.
14:41 of 2nd period - Matteson Iacopelli is hit by Dave Dziurzynski and loses puck.
15:20 of 2nd period - Snap shot by David Pope.
15:20 of 2nd period - Shot Blocked by Connor Carrick.
15:22 of 2nd period - Slapshot by Connor Chatam.
15:22 of 2nd period - Shot Misses the Net.
15:24 of 2nd period - Slapshot by Steven Santini.
15:24 of 2nd period - Stopped by Marek Mazanek without a rebound.
15:25 of 2nd period - Daniel Carr wins face-off versus Seth Griffith in Eagles zone.
15:25 of 2nd period - Daniel Carr is hit by Ryan Dzingel.
15:43 of 2nd period - Wrist shot by Kevin Roy.
15:43 of 2nd period - Stopped by Marek Mazanek without a rebound.
15:44 of 2nd period - Kevin Roy wins face-off versus Jonathan Marchessault in Eagles zone.
15:53 of 2nd period - Slapshot by David Pope.
15:53 of 2nd period - Shot Misses the Net.
16:33 of 2nd period - Snap shot by Tomas Tatar.
16:33 of 2nd period - Goal by Tomas Tatar - Wolfpack : 2 - Eagles : 5.
16:34 of 2nd period - Jonathan Marchessault wins face-off versus Stefan Noesen in neutral zone.
16:39 of 2nd period - Maxime Sauvé is hit by Dmitrij Jaskin.
17:04 of 2nd period - Off-side.
17:05 of 2nd period - Henrik Samuelsson wins face-off versus Zach Aston-Reese in neutral zone.
17:38 of 2nd period - Snap shot by Seth Griffith.
17:38 of 2nd period - Shot Misses the Net.
17:40 of 2nd period - Slapshot by Sebastian Collberg.
17:40 of 2nd period - Shot Misses the Net.
17:56 of 2nd period - Snap shot by Stefan Noesen.
17:56 of 2nd period - Shot Misses the Net.
18:14 of 2nd period - Snap shot by Jared McCann.
18:14 of 2nd period - Stopped by Mike Condon with a rebound.
19:58 of 2nd period - Snap shot by Dave Dziurzynski.
19:58 of 2nd period - Stopped by Marek Mazanek with a rebound.
Goals for this period are 2 for Wolfpack vs 2 for Eagles.
Shots for this period are 12 for Wolfpack vs 14 for Eagles.
3rd period
0:01 of 3rd period - Daniel Carr wins face-off versus Maxime Sauvé in neutral zone.
0:07 of 3rd period - Steven Santini is hit by Ryan Murphy and loses puck.
0:16 of 3rd period - Wrist shot by Dave Dziurzynski.
0:16 of 3rd period - Goal by Dave Dziurzynski - Wolfpack : 3 - Eagles : 5.
0:17 of 3rd period - Henrik Samuelsson wins face-off versus Jonathan Marchessault in neutral zone.
0:22 of 3rd period - Wrist shot by Samuel Blais.
0:22 of 3rd period - Shot Misses the Net.
0:24 of 3rd period - Minor Penalty to Dmitrij Jaskin for Tripping.
0:25 of 3rd period - Daniel Carr wins face-off versus Maxime Sauvé in Eagles zone.
0:34 of 3rd period - Wrist shot by Dave Dziurzynski.
0:34 of 3rd period - Shot Misses the Net.
0:36 of 3rd period - Slapshot by Derrick Pouliot.
0:36 of 3rd period - Stopped by Marek Mazanek with a rebound.
0:38 of 3rd period - Slapshot by Dave Dziurzynski.
0:38 of 3rd period - Goal by Dave Dziurzynski - Wolfpack : 4 - Eagles : 5.
0:39 of 3rd period - Maxime Sauvé wins face-off versus Jonathan Marchessault in neutral zone.
0:42 of 3rd period - Stefan Elliott is hit by Steven Santini and loses puck.
1:38 of 3rd period - Stefan Elliott is hit by Ryan Dzingel and loses puck.
2:04 of 3rd period - Icing by David Pope.
2:05 of 3rd period - Drake Caggiula wins face-off versus Kevin Roy in Wolfpack zone.
2:36 of 3rd period - Wrist shot by Dmitrij Jaskin.
2:36 of 3rd period - Stopped by Mike Condon without a rebound.
2:37 of 3rd period - Jonathan Marchessault wins face-off versus Maxime Sauvé in Wolfpack zone.
2:44 of 3rd period - Wrist shot by Jonathan Marchessault.
2:44 of 3rd period - Shot Blocked by Steven Santini.
2:46 of 3rd period - Wrist shot by Jonathan Marchessault.
2:46 of 3rd period - Shot Misses the Net.
2:48 of 3rd period - Slapshot by Daniel Carr.
2:48 of 3rd period - Stopped by Mike Condon without a rebound.
2:49 of 3rd period - Henrik Samuelsson wins face-off versus Jonathan Marchessault in Wolfpack zone.
3:00 of 3rd period - Samuel Blais is hit by Dmitrij Jaskin and loses puck.
3:32 of 3rd period - Wrist shot by Stefan Noesen.
3:32 of 3rd period - Stopped by Marek Mazanek without a rebound.
3:33 of 3rd period - Maxime Sauvé wins face-off versus Zach Aston-Reese in Eagles zone.
4:06 of 3rd period - Snap shot by Dmitrij Jaskin.
4:06 of 3rd period - Stopped by Mike Condon with a rebound.
4:08 of 3rd period - Wrist shot by Jonathan Marchessault.
4:08 of 3rd period - Shot Misses the Net.
4:10 of 3rd period - Snap shot by Daniel Carr.
4:10 of 3rd period - Stopped by Mike Condon without a rebound.
4:11 of 3rd period - Henrik Samuelsson wins face-off versus Drake Caggiula in Wolfpack zone.
4:15 of 3rd period - Off-side.
4:16 of 3rd period - Drake Caggiula wins face-off versus Henrik Samuelsson in neutral zone.
4:19 of 3rd period - Henrik Samuelsson is hit by Tomas Tatar and loses puck.
4:24 of 3rd period - Wrist shot by Tomas Tatar.
4:24 of 3rd period - Stopped by Mike Condon with a rebound.
4:26 of 3rd period - Wrist shot by Joel Edmundson.
4:26 of 3rd period - Shot Misses the Net.
4:28 of 3rd period - Wrist shot by Drake Caggiula.
4:28 of 3rd period - Stopped by Mike Condon without a rebound.
4:29 of 3rd period - Dave Dziurzynski wins face-off versus Jonathan Marchessault in Wolfpack zone.
4:29 of 3rd period - Dave Dziurzynski is hit by Connor Carrick.
4:43 of 3rd period - Snap shot by Stefan Noesen.
4:43 of 3rd period - Shot Hit the Post.
5:25 of 3rd period - Wrist shot by Joseph Blandisi.
5:25 of 3rd period - Shot Misses the Net.
5:43 of 3rd period - Joel Edmundson is hit by David Pope and loses puck.
6:07 of 3rd period - Minor Penalty to Dave Dziurzynski for Roughing.
6:08 of 3rd period - Maxime Sauvé wins face-off versus Jonathan Marchessault in Wolfpack zone.
7:36 of 3rd period - Icing by Joel Edmundson.
7:37 of 3rd period - Samuel Blais wins face-off versus Drake Caggiula in Eagles zone.
7:58 of 3rd period - Dmitrij Jaskin is hit by Maxime Sauvé and loses puck.
8:07 of 3rd period - Penalty to Dave Dziurzynski is over, Dave Dziurzynski is back on ice.
8:37 of 3rd period - Snap shot by Ryan Dzingel.
8:37 of 3rd period - Shot Misses the Net.
8:39 of 3rd period - Snap shot by Sebastian Collberg.
8:39 of 3rd period - Shot Blocked by Connor Carrick.
8:41 of 3rd period - Slapshot by Derrick Pouliot.
8:41 of 3rd period - Goal by Derrick Pouliot - Wolfpack : 5 - Eagles : 5.
8:42 of 3rd period - Matteson Iacopelli wins face-off versus Maxime Sauvé in neutral zone.
8:51 of 3rd period - Wrist shot by Dave Dziurzynski.
8:51 of 3rd period - Shot Misses the Net.
8:53 of 3rd period - Wrist shot by Mikhail Sergachev.
8:53 of 3rd period - Shot Blocked by Joel Edmundson.
9:18 of 3rd period - Snap shot by Jonathan Marchessault.
9:18 of 3rd period - Shot Misses the Net.
9:30 of 3rd period - Slapshot by Stefan Elliott.
9:30 of 3rd period - Shot Blocked by Sebastian Collberg.
9:32 of 3rd period - Wrist shot by Joseph Blandisi.
9:32 of 3rd period - Goal by Joseph Blandisi - Wolfpack : 5 - Eagles : 6.
9:33 of 3rd period - Maxime Sauvé wins face-off versus Jonathan Marchessault in neutral zone.
9:44 of 3rd period - Wrist shot by Dave Dziurzynski.
9:44 of 3rd period - Stopped by Marek Mazanek with a rebound.
9:54 of 3rd period - Minor Penalty to Daniel Carr for Tripping.
9:55 of 3rd period - Maxime Sauvé wins face-off versus Sam Steel in Eagles zone.
10:08 of 3rd period - Slapshot by Dave Dziurzynski.
10:08 of 3rd period - Shot Misses the Net.
10:10 of 3rd period - Slapshot by Dave Dziurzynski.
10:10 of 3rd period - Stopped by Marek Mazanek without a rebound.
10:11 of 3rd period - Maxime Sauvé wins face-off versus Sam Steel in Eagles zone.
10:12 of 3rd period - Snap shot by Dave Dziurzynski.
10:12 of 3rd period - Stopped by Marek Mazanek with a rebound.
10:35 of 3rd period - Snap shot by Drake Caggiula.
10:35 of 3rd period - Stopped by Mike Condon without a rebound.
10:36 of 3rd period - Drake Caggiula wins face-off versus Henrik Samuelsson in Wolfpack zone.
11:16 of 3rd period - Wrist shot by Joseph Blandisi.
11:16 of 3rd period - Shot Misses the Net.
11:54 of 3rd period - Penalty to Daniel Carr is over, Daniel Carr is back on ice.
12:14 of 3rd period - Snap shot by David Pope.
12:14 of 3rd period - Stopped by Marek Mazanek with a rebound.
12:26 of 3rd period - Snap shot by Seth Griffith.
12:26 of 3rd period - Shot Blocked by Ryan Murphy.
12:28 of 3rd period - Snap shot by Sebastian Collberg.
12:28 of 3rd period - Stopped by Marek Mazanek without a rebound.
12:29 of 3rd period - Jared McCann wins face-off versus Henrik Samuelsson in Eagles zone.
12:56 of 3rd period - Wrist shot by Connor Chatam.
12:56 of 3rd period - Stopped by Marek Mazanek without a rebound.
12:57 of 3rd period - Maxime Sauvé wins face-off versus Zach Aston-Reese in Eagles zone.
13:47 of 3rd period - Slapshot by Dmitrij Jaskin.
13:47 of 3rd period - Shot Misses the Net.
13:49 of 3rd period - Wrist shot by Dmitrij Jaskin.
13:49 of 3rd period - Stopped by Mike Condon with a rebound.
14:50 of 3rd period - Henrik Samuelsson is hit by Zach Aston-Reese and loses puck.
15:01 of 3rd period - Slapshot by Vince Dunn.
15:01 of 3rd period - Stopped by Marek Mazanek with a rebound.
15:17 of 3rd period - Wrist shot by Samuel Blais.
15:17 of 3rd period - Stopped by Marek Mazanek with a rebound.
15:19 of 3rd period - Slapshot by Henrik Samuelsson.
15:19 of 3rd period - Stopped by Marek Mazanek with a rebound.
15:31 of 3rd period - Colton White is hit by Connor Carrick and loses puck.
15:48 of 3rd period - Drake Caggiula is hit by Stefan Noesen and loses puck.
16:12 of 3rd period - Backhand shot by Zach Aston-Reese.
16:12 of 3rd period - Stopped by Mike Condon with a rebound.
16:14 of 3rd period - Snap shot by Joseph Blandisi.
16:14 of 3rd period - Shot Misses the Net.
16:16 of 3rd period - Snap shot by Zach Aston-Reese.
16:16 of 3rd period - Stopped by Mike Condon with a rebound.
16:52 of 3rd period - Matteson Iacopelli is hit by Derrick Pouliot.
16:56 of 3rd period - Wrist shot by Stefan Noesen.
16:56 of 3rd period - Stopped by Marek Mazanek without a rebound.
16:57 of 3rd period - Drake Caggiula wins face-off versus Maxime Sauvé in Eagles zone.
17:24 of 3rd period - Snap shot by Henrik Samuelsson.
17:24 of 3rd period - Shot Misses the Net.
17:26 of 3rd period - Slapshot by Vince Dunn.
17:26 of 3rd period - Stopped by Marek Mazanek with a rebound.
17:28 of 3rd period - Snap shot by Samuel Blais.
17:28 of 3rd period - Stopped by Marek Mazanek without a rebound.
17:29 of 3rd period - Henrik Samuelsson wins face-off versus Jonathan Marchessault in Eagles zone.
17:32 of 3rd period - Snap shot by Samuel Blais.
17:32 of 3rd period - Shot Misses the Net.
17:56 of 3rd period - Wrist shot by Dmitrij Jaskin.
17:56 of 3rd period - Stopped by Mike Condon without a rebound.
17:57 of 3rd period - Seth Griffith wins face-off versus Drake Caggiula in Wolfpack zone.
18:13 of 3rd period - Minor Penalty to Jonathan Racine for Holding.
18:14 of 3rd period - Daniel Carr wins face-off versus Maxime Sauvé in Eagles zone.
18:22 of 3rd period - Snap shot by Steven Santini.
18:22 of 3rd period - Shot Misses the Net.
18:24 of 3rd period - Slapshot by Derrick Pouliot.
18:24 of 3rd period - Deflect By Dave Dziurzynski.
18:24 of 3rd period - Shot Misses the Net.
18:24 of 3rd period - Puck is out of play.
18:25 of 3rd period - Maxime Sauvé wins face-off versus Daniel Carr in Eagles zone.
18:40 of 3rd period - Slapshot by Joel Edmundson.
18:40 of 3rd period - Shot Misses the Net.
18:52 of 3rd period - Steven Santini is hit by Stefan Elliott and loses puck.
19:16 of 3rd period - Wolfpack, Mike Condon is pulled from the net.
19:28 of 3rd period - Derrick Pouliot is hit by John Ramage and loses puck.
Goals for this period are 3 for Wolfpack vs 1 for Eagles.
Shots for this period are 17 for Wolfpack vs 12 for Eagles.
Output by the SimonT Hockey Simulator (STHS) for Francois Prevost